 Dungeon Crawl Stone Soup version 0.21.1-1-g345015f (webtiles) character file.

52 Monsterracer the Insei (level 3, -3/23 HPs)
             Began as an Octopode Transmuter on Feb 6, 2018.
             Killed by divine providence
             ... invoked by an orc priest
              (12 damage)
             ... on level 3 of the Dungeon.
             The game lasted 00:04:13 (2245 turns).

Monsterracer the Insei (Octopode Transmuter)        Turns: 2245, Time: 00:04:14

Health: -3/23      AC:  1    Str:  9    XL:     3   Next: 85%
Magic:  6/6        EV: 13    Int: 16    God:
Gold:   129        SH:  0    Dex: 12    Spells: 0/6 levels left

rFire    . . .     SeeInvis .     - Unarmed
rCold    . . .     Gourm    .   (no shield)
rNeg     . . .     Faith    .   (helmet restricted)
rPois    .         Spirit   .   (no amulet)
rElec    .         Reflect  .   (no ring)
rCorr    .         Harm     .   (no ring)
MR       .....                  (no ring)
Stlth    ++........             (no ring)
HPRegen  0.07/turn              (no ring)
MPRegen  0.10/turn              (no ring)
                                (no ring)
                                (no ring)

@: no status effects
A: almost no armour, stealthy swim, amphibious, 8 rings, constrict 8, camouflage
1, gelatinous body 1
a: no special abilities


You were on level 3 of the Dungeon.
You were not hungry.

You visited 1 branch of the dungeon, and saw 3 of its levels.

You collected 129 gold pieces.

Inventory:

Missiles
 a - 12 arrows
Jewellery
 h - a +4 amulet of reflection {unknown}
Scrolls
 g - a scroll of remove curse
Potions
 d - a potion of heal wounds
 e - a potion of curing {unknown}
 f - a potion of flight {unknown}
 i - 2 potions of mutation {!q}
Books
 b - a book of Changes

   Spells                             Type                      Level
   a - Beastly Appendage              Transmutation                1
   b - Sticks to Snakes               Transmutation                2
   c - Spider Form                    Transmutation/Poison         3
   d - Ice Form                       Ice/Transmutation            4
   e - Blade Hands                    Transmutation                5
Comestibles
 c - 5 rations


   Skills:
 - Level 1.0 Fighting
 - Level 2.0 Dodging
 + Level 3.9 Unarmed Combat
 - Level 2.0 Spellcasting
 + Level 3.1 Transmutations


You couldn't memorise any spells.
You knew the following spells:

 Your Spells              Type           Power        Failure   Level  Hunger
a - Beastly Appendage     Tmut           ##....       5%          1    #......
b - Sticks to Snakes      Tmut           ##......     9%          2    ###....
c - Spider Form           Tmut/Pois      #.........   32%         3    ###....


Dungeon Overview and Level Annotations

Branches:
Dungeon (3/15)

Altars:
Nemelex Xobeh
Yredelemnul


Innate Abilities, Weirdness & Mutations

You cannot wear most types of armour.
You are very stealthy in the water. (Stealth+)
You are amphibious.
You can wear up to eight rings at the same time.
You can use your tentacles to constrict eight enemies at once.
Your skin changes colour to match your surroundings (Stealth+).
Your rubbery body absorbs attacks. (AC +1, EV +1)


Message History

Your transformation is almost over.
Your tentacle spike disappears.
Key pressed, stopping explore.
Key pressed, stopping explore.
Things that are here:
2 stones; a kobold skeleton; Health restored: 23; MP restored: 6
c - 4 rations (gained 1)
You are feeling hungry.
Found an escape hatch in the floor.
You now have 129 gold pieces (gained 10).
There is an escape hatch in the floor here.
You open the door.
Found a sparkling altar of Nemelex Xobeh.
Found a basalt altar of Yredelemnul.
There is an open door here.
Found a club.
You see here 23 bolts.
You see here 23 bolts.
You see here a leather armour.
You see here 18 bolts.
Done exploring.
There is a stone staircase leading down here.
You climb downwards.
A leopard gecko and a rat come into view.
Found four items.
There is a stone staircase leading up here.
Found a triangular sapphire amulet.
Found an escape hatch in the floor.
Found a stone staircase leading up.
You tentacle-slap the rat.
You kill the rat!
Found a potion of mutation.
Found a stone staircase leading up.
The helpless leopard gecko fails to defend itself.
You tentacle-slap the leopard gecko.
You kill the leopard gecko!
A jackal comes into view.
You see here a leopard gecko corpse.
The jackal barks!
You see here a leopard gecko corpse.
You butcher the leopard gecko corpse.
A jackal comes into view.
You see here a chunk of flesh.
Eat a chunk of flesh? (ye/n/q)
You eat the chunk of flesh.
This raw flesh tastes terrible.
The jackal bites you.
The jackal barks!
You hear a bark!
A jackal comes into view.
You take 2 damage, and have 21/23 hp.
The jackal barks!
You tentacle-slap the jackal. You grab the jackal.
The jackal is almost dead.
You constrict the jackal.
You kill the jackal!
You tentacle-slap the jackal but do no damage.
Your grab misses the jackal. Your squeeze misses the jackal.
The jackal bites you but does no damage.
The jackal barely misses you.
You barely miss the jackal. You grab the jackal. You constrict the jackal.
The jackal closely misses you. The jackal bites you.
You take 2 damage, and have 19/23 hp.
You tentacle-slap the jackal but do no damage.
You kill the jackal!
The jackal barely misses you. x2
You tentacle-slap the jackal. Your grab misses the jackal.
The jackal is lightly wounded.
The jackal completely misses you.
You tentacle-slap the jackal. Your grab misses the jackal.
The jackal is severely wounded.
The jackal misses you.
You tentacle-slap the jackal but do no damage.
Your grab misses the jackal.
The jackal is severely wounded.
The jackal barely misses you.
You tentacle-slap the jackal.
You kill the jackal!
No target in view!
No target in view!
HP restored.
Found an escape hatch in the ceiling.
Health restored: 23
i - 2 potions of mutation {!q} (gained 1)
c - 5 rations (gained 1)
h - a triangular sapphire amulet An orc priest comes into view.
It is wielding a dagger.
The orc priest shouts!
You hear a shout!
The orc priest looks encouraged for a moment.
An orc comes into view. It is wielding a short sword.
A jackal comes into view.
The orc priest calls down the wrath of Beogh upon you.
Beogh smites you!
Ouch! That really hurt!
* * * LOW HITPOINT WARNING * * *
The jackal barks!
You hear a shout!
Found a stone staircase leading down.
You take 15 damage, and have 8/23 hp.
MASSIVE DAMAGE!!
An orc comes into view. It is wielding a hand axe.
The orc priest invokes the aid of Beogh against you.
Beogh smites you!
Ouch! That really hurt!
You die...

# #.# #........
#############.# #........
##...##.......o##o........
##..........###............
#............##.###.###....
#..............o.#..# .#.#
#............†.....## ..#
##..........†...h..##..#
#...............@.....#
#.#................####
..#...................#
..#.<....[..............
#.....)............##<..
####............<.## ###
##................
##...........####
#..?.....###...


You could see an orc priest, an orc and a jackal.

Vanquished Creatures
  A worm (D:2)
  3 dart slugs
  2 leopard geckos
  6 bats
  2 giant cockroaches (D:1)
  2 goblins (D:2)
  3 hobgoblins
  3 jackals (D:3)
  A ball python (D:1)
  5 frilled lizards
  8 kobolds
  5 rats
41 creatures vanquished.

Notes
Turn   | Place    | Note
-------+----------+-------------------------------------------
     0 | D:1      | Monsterracer the Octopode Transmuter began the quest for the Orb.
     0 | D:1      | Reached XP level 1. HP: 13/13 MP: 3/3
   139 | D:1      | Reached XP level 2. HP: 14/18 MP: 3/5
   143 | D:1      | Learned a level 2 spell: Sticks to Snakes
   711 | D:1      | Reached XP level 3. HP: 23/23 MP: 4/6
   807 | D:1      | Learned a level 3 spell: Spider Form
  1718 | D:2      | HP: 11/23 [kobold (4)]
  1722 | D:2      | HP: 4/23 [kobold (2)]
  2039 | D:2      | Found a sparkling altar of Nemelex Xobeh.
  2040 | D:2      | Found a basalt altar of Yredelemnul.
  2232 | D:3      | HP: 8/23 [orc priest/divine providence (15)]
  2245 | D:3      | Killed from afar by an orc priest

Skill      XL: |  1  2  3 |
---------------+----------+-----
Transmutations | 3 |  3.1
Fighting       | |  1.0
Dodging        | |  2.0
Unarmed Combat | |  3.9
Spellcasting   | |  2.0

Action                   || total
-------------------------++-------
Melee: Unarmed           ||    89
       Constrict         ||    23
       Tentacles         ||     9
       Kick              ||    10
       Punch             ||     3
 Cast: Beastly Appendage ||    10
  Use: Scroll            ||     9
 Stab: Sleeping          ||     5
  Eat: Chunk             ||     4
Armor: Skin              ||    15
Dodge: Dodged            ||    57

Vault maps used:
D:1:      saegor_arrival_simple_e, serial_forest, infiniplex_forest_clump_small,
          infiniplex_forest_lined_3_way, infiniplex_forest_straight_2,
          infiniplex_forest_lined_3, infiniplex_forest_clump_double
D:2:      gammafunk_temple_overflow_statue, first_ration
D:3:      minmay_fountain_box
